 Dungeon Crawl Stone Soup version 0.31-a0-38-g1548c4f2a5 (webtiles) character file.

Game seed: 7544894152416677425

(classic levelgen) 7485 Amnesiac the Earth Mage (level 11, 0/54 HPs)
             Began as a Gargoyle Earth Elementalist on May 16, 2023.
             Was a Believer of Vehumet.
             Shot with an arrow by a centaur warrior (7 damage)
             ... on level 9 of the Dungeon.
             The game lasted 00:17:31 (6505 turns).

Amnesiac the Earth Mage (GrEE)                      Turns: 6505, Time: 00:17:32

Health: 0/54       AC: 18    Str: 11    XL:     11   Next: 16%
Magic:  19/23      EV: 11    Int: 21    God:    Vehumet [**....]
Gold:   444        SH:  0    Dex: 10    Spells: 11/27 levels left

rFire   + . .        f - +3 dagger (elec)
rCold   + . .        (no shield)
rNeg    + . .        F - +1 robe {rC+ rF+}
rPois   ∞            t - +0 helmet
rElec   +            q - +1 cloak
rCorr   .            (no gloves)
SInv    .            (no boots)
Will    .....        o - amulet of faith
Stlth   ++           c - +4 ring of protection
HPRegen 0.29/turn    (no ring)
MPRegen 0.18/turn

%: faith
@: no status effects
A: sickness immunity, AC +8, negative energy resistance 1, electricity
resistance, torment resistance 1, petrification resistance
a: Renounce Religion


You were on level 9 of the Dungeon.
You worshipped Vehumet.
Vehumet was pleased with you.
You visited 2 branches of the dungeon, and saw 10 of its levels.

You collected 594 gold pieces.
You spent 150 gold pieces at shops.

Inventory:

Hand Weapons
 f - a +3 dagger of electrocution (weapon)
Missiles
 j - a throwing net
 B - 4 curare-tipped darts
Armour
 q - a +1 cloak (worn)
 t - a +0 helmet (worn)
 F - a +1 robe of resistance (worn)
Jewellery
 c - a +4 ring of protection (left hand)
 o - an amulet of faith (around neck)
Wands
 l - a wand of polymorph (20)
 n - a wand of digging (1)
 s - a wand of iceblast (14)
 x - a wand of flame (45)
Scrolls
 a - a scroll of amnesia {!r, unknown}
 e - 2 scrolls of enchant armour {!r}
 i - 4 scrolls of teleportation {!r}
 k - 2 scrolls of poison {!r}
 y - 2 scrolls of identify {!r}
 C - 2 scrolls of torment {!r}
 D - a scroll of brand weapon {!r, unknown}
 G - a scroll of vulnerability {!r, unknown}
Potions
 b - a potion of magic {!q}
 d - 2 potions of mutation {!q}
 g - a potion of berserk rage {!q}
 h - a potion of resistance {!q}
 m - a potion of lignification {!q, unknown}
 r - a potion of ambrosia {!q, unknown}
 u - 2 potions of brilliance {!q}
 v - a potion of heal wounds {!q}
 w - 2 potions of haste {!q}
 z - a potion of might {!q}
 A - a potion of attraction {!q}
 E - a potion of flight {!q}


   Skills:
 + Level 3.7 Short Blades
 - Level 1.5 Dodging
 - Level 2.1 Stealth
 + Level 8.9 Spellcasting
 - Level 0.7 Transmutations
 * Level 15.9 Earth Magic


You had 11 spell levels left.
You knew the following spells:

 Your Spells              Type           Power      Damage    Failure   Level
a - Sandblast             Erth           100%       2d20      0%          1
b - Passwall              Tmut/Erth      36%        N/A       1%          2
c - Stone Arrow           Conj/Erth      84%        3d12      1%          3
d - Iron Shot             Conj/Erth      21%        9d5       38%         6
e - Petrify               Tmut/Erth      44%        N/A       2%          4

Your spell library contained the following spells:

 Spells                   Type           Power      Damage    Failure   Level
 Poisonous Vapours        Pois/Air       18%        N/A       11%         2
 Animate Armour           Summ/Erth      84%        N/A       2%          4
 Beastly Appendage        Tmut           24%        N/A       5%          1
 Wereblood                Tmut           12%        N/A       9%          2
 Lesser Beckoning         Tloc           18%        N/A       11%         2
 Spider Form              Tmut/Pois      10%        N/A       19%         3
 Gell's Gravitas          Tloc           9%         N/A       22%         3
 Teleport Other           Tloc           9%         N/A       22%         3
 Summon Lightning Spire   Summ/Air       9%         N/A       58%         4
 Blade Hands              Tmut           6%         N/A       83%         5
 Storm Form               Tmut/Air       5%         N/A       100%        7
 Summon Hydra             Summ           4%         N/A       100%        7
 Maxwell's Capacitive Co  Air            4%         ∞         100%        8
 Sublimation of Blood     Necr           Unusable   N/A       N/A         2

Dungeon Overview and Level Annotations

Branches:
Dungeon (9/15)             Temple (1/1) D:5
   Lair: D:8-11         Orc: D:9-12

Altars:
Ashenzari
Cheibriados
Dithmenos
Elyvilon
Fedhas
Gozag
Hepliaklqana
Kikubaaqudgha
Makhleb
Nemelex Xobeh
Okawaru
Qazlal
Sif Muna
Trog
Uskayaw
Vehumet
Wu Jian
Xom
Yredelemnul
Zin

Shops:
D:3 !   D:5 (

Annotations:
D:7 exclusion: downstairs


Innate Abilities, Weirdness & Mutations

You are immune to sickness and miasma.
Your stone body is resilient. (AC +8)
You are immune to poison.
You resist negative energy. (rN+)
You are resistant to electric shocks. (rElec)
You are resistant to unholy torment.
You are immune to petrification.


Message History

Casting: Sandblast (safe; 0% risk of failure)
Confirm with . or Enter, or press ? or * to list all spells.
You can't see any susceptible monsters within range! (Use Z to cast anyway.)
Casting: Sandblast (safe; 0% risk of failure)
Confirm with . or Enter, or press ? or * to list all spells.
You can't see any susceptible monsters within range! (Use Z to cast anyway.)
Casting: Sandblast (safe; 0% risk of failure)
Confirm with . or Enter, or press ? or * to list all spells.
You can't see any susceptible monsters within range! (Use Z to cast anyway.)
Things that are here:
a +0 short sword of draining; a kobold corpse An orc and an orc priest come into view.
An orc comes into view. It is wielding a +0 dagger.
The orc moves out of view.
Items here: ( )))) †.
Casting: Sandblast (safe; 0% risk of failure)
Confirm with . or Enter, or press ? or * to list all spells.
Aiming: Sandblast (safe; 0% risk of failure)
Press: ? - help, Shift-Dir - straight line, f - orc priest
Aim: an orc priest, wielding a +0 hand axe (85% to hit)
The blast of sand hits the orc priest!!
You kill the orc priest!
Vehumet accepts your kill.
Casting: Sandblast (safe; 0% risk of failure)
Confirm with . or Enter, or press ? or * to list all spells.
Aiming: Sandblast (safe; 0% risk of failure)
Press: ? - help, Shift-Dir - straight line, f - orc
Aim: an orc, wielding a +0 dagger and wearing a +0 ring mail (87% to hit)
The blast of sand hits the orc!
You kill the orc!
Vehumet accepts your kill.
You feel your power returning.
A tengu warrior comes into view. It is wielding a +1 heavy battleaxe.
Press: ? - help, v - describe, . - travel
Here: a tengu warrior, wielding a +1 heavy battleaxe and wearing a +0 leather armour (wandering, hasn't noticed you)
The floor.
Casting: Sandblast (safe; 0% risk of failure)
Confirm with . or Enter, or press ? or * to list all spells.
You can't see any susceptible monsters within range! (Use Z to cast anyway.)
Casting: Sandblast (safe; 0% risk of failure)
Confirm with . or Enter, or press ? or * to list all spells.
Okay, then.
Things that are here:
a +0 short sword of draining; a kobold corpse A centaur warrior comes into view.
It is wielding a +0 shortbow.
Casting: Sandblast (safe; 0% risk of failure)
Confirm with . or Enter, or press ? or * to list all spells.
Aiming: Petrify (dangerous; 2% risk of failure)
Press: ? - help, Shift-Dir - straight line, f - centaur warrior
Aim: a centaur warrior, wielding a +0 shortbow (wandering, hasn't noticed you, chance to affect: 50%)
The centaur warrior is moving more slowly.
The centaur warrior shoots an arrow.
The arrow hits you!
The centaur warrior shoots an arrow.
The arrow hits you.
You hear an angry buzzing noise.
Really quaff
p - 2 potions of curing {!q}?
You feel better.
You hear a shout!
You hear a horrible gurgling sound!
You hear a shout!
The centaur warrior shoots an arrow.
The arrow hits you!
* * * LOW HITPOINT WARNING * * *
Really quaff
p - a potion of curing {!q}?
You feel better.
The centaur warrior shoots an arrow.
The arrow hits you!!
* * * LOW HITPOINT WARNING * * *
The centaur warrior shoots an arrow.
The arrow hits you!
You die...

.......))# .........#
....... #.))# #)###
#.).# ###.# . #.#####
.# #####.#.@.##.##
#............c..
#....##.........
#....##.........
########...............
#.........>.......♣♣...
#.................♣ ...
#..........#.....♣♣ ..
#######.#........♣


You could see a centaur warrior (petrifying).

Vanquished Creatures
  Pikel (D:7)
  Joseph (D:7)
  Psyche (D:8)
  A kobold demonologist (D:6)
  The ghost of Amnesiac the Digger, a novice DEEE (D:6)
  Grinder (D:3)
  Prince Ribbit (D:7)
  Sigmund (D:4)
  2 wyverns
  3 yaks (D:9)
  A steam dragon (D:7)
  4 sky beasts
  3 ice beasts
  A black bear (D:8)
  2 orc warriors (D:8)
  An ogre (D:5)
  4 centaurs
  2 lemures (D:7)
  3 phantoms
  9 kobold brigands
  5 bullfrogs
  A gnoll sergeant (D:8)
  3 scorpions
  5 wights (D:8)
  9 killer bees (D:8)
  5 howler monkeys
  A hound (D:5)
  A jelly (D:4)
  Crazy Yiuf (D:3)
  10 orc priests
  An iguana (D:5)
  3 hell rats (D:8)
  2 sleepcaps
  5 orc wizards
  Robin (D:3)
  7 gnolls
  6 adders
  5 river rats (D:8)
  2 shadow imps
  3 white imps
  An ufetubus (D:6)
  5 worms
  2 dart slugs
  22 orcs
  10 bats
  7 endoplasms
  7 giant cockroaches (D:1)
  10 hobgoblins
  12 kobolds
  9 quokkas
  9 ball pythons
  4 frilled lizards
  12 goblins
  24 rats
253 creatures vanquished.

Vanquished Creatures (others)
  An endoplasm (D:2)
  A frilled lizard (D:2)
2 creatures vanquished.

Grand Total: 255 creatures vanquished

Notes
Turn   | Place    | Note
-------+----------+-------------------------------------------
     0 | D:1      | Amnesiac the Gargoyle Earth Elementalist began the quest
                  | for the Orb.
     0 | D:1      | Reached XP level 1. HP: 10/10 MP: 3/3
   178 | D:1      | Reached skill level 4 in Earth Magic
   222 | D:1      | Reached XP level 2. HP: 15/15 MP: 3/5
   311 | D:1      | Learned a level 2 spell: Passwall
   364 | D:1      | Reached XP level 3. HP: 11/19 MP: 0/6
   819 | D:1      | Reached skill level 5 in Earth Magic
  1153 | D:2      | Reached XP level 4. HP: 24/24 MP: 5/8
  1254 | D:2      | Learned a level 4 spell: Petrify
  1741 | D:3      | Noticed Grinder
  1742 | D:3      | Paralysed by Grinder for 2 turns
  1749 | D:3      | Killed Grinder
  1750 | D:3      | Reached skill level 7 in Earth Magic
  1750 | D:3      | Reached XP level 5. HP: 16/28 MP: 3/10
  1750 | D:3      | Reached XP level 6. HP: 18/32 MP: 3/11
  1879 | D:3      | Found a runed translucent door.
  1884 | D:3      | Learned a level 3 spell: Stone Arrow
  1884 | D:3      | Noticed Crazy Yiuf
  1891 | D:3      | Killed Crazy Yiuf
  2001 | D:3      | Noticed Robin
  2012 | D:3      | Killed Robin
  2282 | D:3      | Found a shimmering blue altar of Sif Muna.
  2288 | D:3      | Found Nueppu's Distillery.
  2300 | D:3      | Bought a potion of heal wounds for 50 gold pieces
  2300 | D:3      | Bought a potion of haste for 100 gold pieces
  2385 | D:3      | Reached XP level 7. HP: 36/36 MP: 11/13
  2531 | D:3      | Found a faded altar of an unknown god.
  2768 | D:4      | Reached skill level 8 in Earth Magic
  2835 | D:4      | Noticed Sigmund
  2840 | D:4      | Killed Sigmund
  2859 | D:4      | Reached skill level 9 in Earth Magic
  3267 | D:4      | Reached XP level 8. HP: 36/41 MP: 9/15
  3292 | D:4      | Reached skill level 5 in Spellcasting
  3426 | D:5      | Entered Level 5 of the Dungeon
  3586 | D:5      | Reached skill level 10 in Earth Magic
  3599 | D:5      | Found a staircase to the Ecumenical Temple.
  3616 | Temple   | Entered the Ecumenical Temple
  3684 | D:5      | Found a shadowy altar of Dithmenos.
  3766 | D:5      | Found Pucugio's Weapon Shoppe.
  4082 | D:6      | Reached skill level 11 in Earth Magic
  4195 | D:6      | Found a broken altar of Ashenzari.
  4282 | D:6      | Reached XP level 9. HP: 45/45 MP: 16/18
  4392 | D:6      | Found a white marble altar of Elyvilon.
  4437 | D:6      | Saw a vision of the Swamp and the Spider Nest.
  4437 | D:6      | Noticed a tarantella
  4437 | D:6      | Noticed a tarantella
  4437 | D:6      | Noticed a six-headed hydra
  4437 | D:6      | Noticed an alligator
  4437 | D:6      | Noticed an emperor scorpion
  4437 | D:6      | Noticed an emperor scorpion
  4437 | D:6      | Noticed a pharaoh ant
  4437 | D:6      | Noticed an entropy weaver
  4438 | D:6      | Noticed a spriggan rider
  4438 | D:6      | Noticed an orb spider
  4438 | D:6      | Noticed a sun moth
  4438 | D:6      | Noticed a spriggan rider
  4439 | D:6      | Noticed a torpor snail
  4439 | D:6      | Noticed a goliath frog
  4473 | D:6      | Found a runed translucent gate.
  4473 | D:6      | Found a runed translucent gate.
  4476 | D:6      | Noticed Amnesiac's ghost (novice DEEE)
  4479 | D:6      | Found a runed translucent gate.
  4482 | D:6      | Noticed a kobold demonologist
  4586 | D:6      | Killed a kobold demonologist
  4586 | D:6      | Paralysed by a kobold brigand for 2 turns
  4590 | D:6      | Reached skill level 12 in Earth Magic
  4598 | D:6      | Killed Amnesiac's ghost
  4734 | D:7      | Reached skill level 13 in Earth Magic
  4839 | D:7      | Found a burning altar of Makhleb.
  4841 | D:7      | Found a sparkling altar of Nemelex Xobeh.
  5029 | D:7      | Reached XP level 10. HP: 50/50 MP: 18/21
  5143 | D:7      | Noticed Pikel
  5153 | D:7      | Killed Pikel
  5154 | D:7      | Reached skill level 14 in Earth Magic
  5160 | D:7      | Noticed Joseph
  5192 | D:7      | Killed Joseph
  5193 | D:7      | Reached skill level 1 in Short Blades
  5230 | D:7      | Noticed Prince Ribbit
  5240 | D:7      | Killed Prince Ribbit
  5497 | D:8      | Found an opulent altar of Gozag.
  5503 | D:8      | Noticed Psyche
  5515 | D:8      | Killed Psyche
  5672 | D:8      | Reached skill level 15 in Earth Magic
  5746 | D:8      | Found a radiant altar of Vehumet.
  5760 | D:8      | Became a worshipper of Vehumet
  5824 | D:8      | Found a glowing silver altar of Zin.
  5905 | D:8      | Reached * piety under Vehumet
  5905 | D:8      | Offered knowledge of Foxfire by Vehumet.
  5977 | D:8      | Learned a level 6 spell: Iron Shot
  6056 | D:8      | Reached XP level 11. HP: 23/54 MP: 15/23
  6061 | D:8      | Offered knowledge of Magic Dart by Vehumet.
  6065 | D:8      | Reached ** piety under Vehumet
  6489 | D:9      | Offered knowledge of Poisonous Vapours by Vehumet.
  6495 | D:9      | Noticed a tengu warrior
  6501 | D:9      | Noticed a centaur warrior
  6505 | D:9      | Shot with an arrow by a centaur warrior

Illustrated notes

Levels and vault maps discovered:
D:1:      nicolae_arrival_somewhat_less_tricky_arrival, layout_loops_ring,
          minmay_worlds_worst_comb
D:2:      layout_basic, lemuel_flame_loot_1
D:3:      layout_basic, lemuel_crystal_altar, dreamdust_ecumenical_altar_grove,
          serial_shops, nicolae_shop_tiny_glass,
          minmay_fractal_squares_diagonal_5, uniq_crazy_yiuf_cottage,
          uniq_robin, uniq_grinder
D:4:      layout_basic, uniq_sigmund
D:5:      layout_basic, mainiacjoe_overflow_boulevard,
          minmay_temple_entry_antechambers, serial_shops,
          nicolae_shop_real_fake_doors
D:6:      hellmonk_destroyed_diamonds, layout_cave_pools,
          general_overflow_altar, grunt_ashenzari_visionary
          [grunt_ashenzari_visionary_swamp, grunt_ashenzari_visionary_spider],
          gammafunk_ghost_nasty_kobolds
D:7:      layout_cave_pools, chequers_temple_overflow_statue_of_worship,
          chequers_serial_rivers_micro_a, minmay_misc_feat_enclosed,
          st_stairs_2, minivault_27, grunt_ministairs_4,
          kennysheep_small_circle, uniq_pikel, uniq_joseph, uniq_prince_ribbit1
D:8:      lemuel_ratsnest, layout_rooms,
          pdpol_temple_overflow_zin_treasury_gozag_greed, lemuel_round_altar,
          uniq_psyche
D:9:      minmay_bloctagon_deflated, layout_basic,
          nicolae_ru_great_annihilating_truth, minmay_joined_circles,
          uniq_gastronok
Temple:   nicolae_temple_ecumenical_triangle

Skill      XL: |  1  2  3  4  5  6  7  8  9 10 |
---------------+-------------------------------+-----
Earth Magic    | 4 5 7 9 11 13 15 | 15.9
Spellcasting   | 3 4 6 7 8 |  8.9
Short Blades   | 3 |  3.7
Dodging        | |  1.5
Stealth        | |  2.1
Transmutations | |  0.7

Action                     |  1- 3 |  4- 6 |  7- 9 | 10-12 || total
---------------------------+-------+-------+-------+-------++-------
  Melee: Unarmed           |    14 |       |       |       ||    14
         Dagger            |       |     2 |       |    12 ||    14
         Punch             |       |       |       |     1 ||     1
   Cast: Sandblast         |    51 |    62 |   127 |   179 ||   419
         Petrify           |       |       |       |     3 ||     3
         Passwall          |       |       |       |     2 ||     2
    Use: Potion            |     1 |       |     1 |     5 ||     7
         Scroll            |       |       |    13 |     1 ||    14
   Stab: Sleeping          |       |     2 |       |       ||     2
         Petrified         |       |       |       |     9 ||     9
 Armour: Robe              |     5 |    14 |    61 |    69 ||   149
  Dodge: Dodged            |    15 |    16 |    45 |    45 ||   121

Table legend: (Time is in decaauts)
 A = Elapsed time spent in this place.
 B = Non-inter-level travel time spent in this place.
 C = Inter-level travel time spent in this place.
 D = Time resting spent in this place.
 E = Time spent auto-exploring this place.
 F = Levels seen in this place.
 G = Mean time per level.
                   A        B        C        D        E       F      G
               +--------+--------+--------+--------+--------+-----+--------+
         Total |   6712 |   6466 |    246 |    583 |   4336 |  10 |  671.2 |
       Dungeon |   6674 |   6440 |    234 |    583 |   4336 |   9 |  741.6 |
        Temple |     37 |     25 |     12 |      0 |      0 |   1 |   37.0 |
               +--------+--------+--------+--------+--------+-----+--------+

Top non-repeatable levels by time:
     D:1: 1112 daAuts
     D:3: 1049 daAuts
     D:8: 975 daAuts
     D:7: 784 daAuts
     D:6: 755 daAuts
     D:4: 700 daAuts
     D:2: 643 daAuts
     D:5: 523 daAuts
     D:9: 130 daAuts
  Temple: 37 daAuts
